 Dungeon Crawl Stone Soup version 0.27-a0-1280-g9d2d252d84 (webtiles) character file.

Game seed: 4460272935530517445

209 27snakeeyes612 the Chopper (level 5, -14/28 HPs)
             Began as a Vine Stalker Fighter on June 13, 2021.
             Killed by an exploding orc (26 damage)
             ... ignited by their inner flame
             ... on level 3 of the Dungeon.
             The game lasted 00:03:06 (2740 turns).

27snakeeyes612 the Chopper (Vine Stalker Fighter)   Turns: 2740, Time: 00:03:06

Health: -14/28     AC:  9    Str: 19    XL:     5   Next: 87%
Magic:  0/6        EV:  5    Int:  8    God:
Gold:   130        SH:  9    Dex: 14    Spells: 4/4 levels left

rFire    . . .     SeeInvis .   a - +0 war axe
rCold    . . .     Faith    .   c - +0 kite shield
rNeg     . . .     Spirit   +   k - +0 chain mail
rPois    .         Reflect  .   (no helmet)
rElec    .         Harm     .   (no cloak)
rCorr    .         Rampage  .   (no gloves)
Will     .....                  (no boots)
Stlth    ..........             (no amulet)
HPRegen  1.09/turn              (no ring)
MPRegen  0.10/turn              (no ring)

@: no status effects
A: fangs 2, regeneration 1, magic shield, antimagic bite, no potion heal 2
a: no special abilities


You were on level 3 of the Dungeon.
You visited 1 branch of the dungeon, and saw 3 of its levels.

You collected 130 gold pieces.

Inventory:

Hand Weapons
 a - a +0 war axe (weapon)
Armour
 b - a +0 scale mail
 c - a +0 kite shield (worn)
 k - a +0 chain mail (worn)
Scrolls
 f - 3 scrolls of identify
 i - 2 scrolls of enchant armour
 l - a scroll of fog {unknown}
 m - a scroll of teleportation {unknown}
 o - a scroll of noise {unknown}
 r - a scroll of amnesia {unknown}
Potions
 d - a potion of attraction {unknown}
 e - 2 potions of curing {unknown}
 j - 2 potions of resistance {unknown}
 n - a potion of lignification {unknown}
 p - 3 potions of brilliance {unknown}
 q - 2 potions of flight {unknown}
 s - a potion of ambrosia {unknown}


   Skills:
 + Level 3.1 Fighting
 + Level 4.0 Axes
 + Level 3.0 Armour
 + Level 0.8 Dodging
 + Level 0.1 Stealth
 + Level 3.3 Shields


You had 4 spell levels left.
You didn't know any spells.
Your spell library was empty.

Dungeon Overview and Level Annotations

Branches:
Dungeon (3/15)

Altars:


Innate Abilities, Weirdness & Mutations

You have extremely sharp teeth.
Your natural rate of healing is unusually fast.
When hurt, damage is shared between your health and your magic reserves.
Your bite disrupts and absorbs the magic of your enemies.
Potions cannot restore your health.


Message History

You are too injured to fight recklessly!
You are too injured to fight recklessly!
You are too injured to fight recklessly!
You are too injured to fight recklessly!
You are too injured to fight recklessly!
You are too injured to fight recklessly!
You are too injured to fight recklessly!
You are too injured to fight recklessly!
You are too injured to fight recklessly!
You are too injured to fight recklessly!
You are too injured to fight recklessly!
You are too injured to fight recklessly!
You are too injured to fight recklessly!
You are too injured to fight recklessly!
You are too injured to fight recklessly!
You are too injured to fight recklessly!
You are too injured to fight recklessly!
You are too injured to fight recklessly!
As you read the scroll labelled BIWAILITINA, it crumbles to dust.
It is a scroll of identify.
i - 2 scrolls of enchant armour The orc hits you with a +0 flail.
As you read the scroll labelled QEUNIZXATED, it crumbles to dust.
Wisps of shadow whirl around you...
It was a scroll of summoning.
The orc barely misses you.
As you read the scroll labelled YRAEHI REZE, it crumbles to dust.
The creatures around you are filled with an inner flame!
It was a scroll of immolation.
Ijyb hits your rat with a +0 club.
Your rat's corpse dissolves into shadows!
Your rat explodes!
The fiery explosion engulfs the orc!! x2; The fiery explosion engulfs Ijyb!!
Flame seeps out of Ijyb.
Ijyb is severely wounded.
The orc explodes!
The fiery explosion engulfs Ijyb!!
The fiery explosion engulfs the orc priest!!
The orc priest explodes!
Ijyb explodes!
The orc explodes!
The fiery explosion engulfs you!!
Ouch! That really hurt!
You die...

######## #......#
#......# # # #......# .#
# #....>.# §.#
######......######§§§##.
..............r.@§§§§.>.
##################§§§##.
# §.# # .# # # #########
........# #######.# #
#.#


You could see a friendly rat (summoned, inner flame).

Vanquished Creatures
  2 orc priests (D:3)
  Ijyb (D:3)
  2 orc wizards (D:3)
  Robin (D:2)
  3 adders (D:3)
  A worm (D:2)
  A dart slug (D:1)
  8 orcs (D:3)
  6 endoplasms
  3 giant cockroaches
  13 goblins
  6 hobgoblins (D:2)
  4 jackals (D:1)
  4 quokkas
  4 ball pythons
  3 bats
  4 frilled lizards
  9 kobolds
  6 rats
81 creatures vanquished.

Notes
Turn   | Place    | Note
-------+----------+-------------------------------------------
     0 | D:1      | 27snakeeyes612 the Vine Stalker Fighter began the quest for
                  | the Orb.
     0 | D:1      | Reached XP level 1. HP: 11/11 MP: 2/2
   132 | D:1      | Reached skill level 2 in Axes
   393 | D:1      | Reached XP level 2. HP: 16/16 MP: 3/3
   689 | D:1      | Reached XP level 3. HP: 17/19 MP: 4/4
  1723 | D:2      | Noticed Robin
  1736 | D:2      | Gained mutation: Your natural rate of healing is unusually
                  | fast. [Vine Stalker growth]
  1736 | D:2      | Reached XP level 4. HP: 7/23 MP: 2/5
  1769 | D:2      | Reached skill level 3 in Axes
  1777 | D:2      | Killed Robin
  2390 | D:3      | Reached XP level 5. HP: 28/28 MP: 4/6
  2600 | D:3      | Reached skill level 4 in Axes
  2674 | D:3      | Found a faded altar of an unknown god.
  2736 | D:3      | Noticed Ijyb
  2740 | D:3      | Killed Ijyb
  2740 | D:3      | Killed by an exploding orc... ignited by their inner flame

Illustrated notes

Levels and vault maps discovered:
D:1:      elethiomel_arrival_maze, layout_basic, minmay_crystal_room
D:2:      layout_basic, uniq_robin
D:3:      layout_basic, shapermc_ecumenical_altar_flowoftime, interstate_on_off,
          uniq_ijyb

Skill      XL: |  1  2  3  4  5 |
---------------+----------------+-----
Axes           | 2 3 4 |  4.0
Shields        | 3 |  3.3
Fighting       | 3 |  3.1
Armour         | 3 |  3.0
Dodging        | |  0.8
Stealth        | |  0.1

Action                   |  1- 3 |  4- 6 || total
-------------------------+-------+-------++-------
Melee: War axe           |    88 |    76 ||   164
       Bite              |    24 |    18 ||    42
  Use: Potion            |       |     1 ||     1
       Scroll            |       |     3 ||     3
Armor: Scale mail        |    29 |       ||    29
       Chain mail        |    21 |    58 ||    79
Dodge: Dodged            |    23 |    25 ||    48
Block: Kite shield       |    47 |    50 ||    97

Table legend: (Time is in decaauts)
 A = Elapsed time spent in this place.
 B = Non-inter-level travel time spent in this place.
 C = Inter-level travel time spent in this place.
 D = Time resting spent in this place.
 E = Time spent auto-exploring this place.
 F = Levels seen in this place.
 G = Mean time per level.
                   A        B        C        D        E       F      G
               +--------+--------+--------+--------+--------+-----+--------+
         Total |   2838 |   2784 |     54 |      0 |   2253 |   3 |  946.0 |
       Dungeon |   2838 |   2784 |     54 |      0 |   2253 |   3 |  946.0 |
               +--------+--------+--------+--------+--------+-----+--------+

Top non-repeatable levels by time:
     D:1: 1238 daAuts
     D:2: 1071 daAuts
     D:3: 528 daAuts
